 Dungeon Crawl Stone Soup version 0.26-a0-1184-g95e395e029 (webtiles) character file.

Game seed: 14811997839993540126

140 uibert the Firebug (level 5, 0/35 HPs)
             Began as a Demonspawn Fire Elementalist on Dec 27, 2020.
             Killed from afar by Ijyb (11 damage)
             ... with an iceblast
             ... on level 3 of the Dungeon.
             The game lasted 00:10:36 (2950 turns).

uibert the Firebug (Demonspawn Fire Elementalist)   Turns: 2950, Time: 00:10:36

Health: 0/35       AC: 13    Str:  9    XL:     5   Next: 2%
Magic:  2/8        EV: 11    Int: 16    God:
Gold:   101        SH:  0    Dex: 14    Spells: 3/8 levels left

rFire    . . .     SeeInvis .   j - +0 short sword
rCold    . . .     Faith    .   (no shield)
rNeg     . . .     Spirit   .   d - +0 leather armour
rPois    .         Reflect  .   (no helmet)
rElec    .         Harm     .   (no cloak)
rCorr    .         Rampage  .   f - +0 pair of gloves
Will     .....                  (no boots)
Stlth    ++........             (no amulet)
HPRegen  0.11/turn              (no ring)
MPRegen  0.11/turn              (no ring)

@: sanguine armour, very slightly contaminated
A: sanguine armour 2
a: no special abilities


You were on level 3 of the Dungeon.
You visited 1 branch of the dungeon, and saw 3 of its levels.

You collected 101 gold pieces.

Inventory:

Hand Weapons
 b - a +0 mace
 c - a +0 whip
 j - a +0 short sword (weapon)
Armour
 a - a +0 robe
 d - a +0 leather armour (worn)
 f - a +0 pair of gloves (worn)
Scrolls
 k - 2 scrolls of identify {unknown}
Potions
 e - a potion of might {unknown}
 g - 4 potions of curing {unknown}
 h - 2 potions of mutation {unknown}
 i - 2 potions of invisibility {unknown}
 l - a potion of flight {unknown}


   Skills:
 - Level 1.7 Dodging
 - Level 1.7 Stealth
 - Level 2.0 Spellcasting
 - Level 1.0 Conjurations
 * Level 5.2 Fire Magic


You had 3 spell levels left.
You knew the following spells:

 Your Spells              Type           Power        Failure   Level
a - Foxfire               Conj/Fire      44%          9%          1
b - Sticky Flame          Conj/Fire      11%          63%         4

Your spell library contained the following spells:

 Spells                   Type           Power        Failure   Level
 Conjure Flame            Conj/Fire      11%          24%         3
 Inner Flame              Hex/Fire       10%          30%         3
 Fireball                 Conj/Fire      5%           92%         5


Dungeon Overview and Level Annotations

Branches:
Dungeon (3/15)

Altars:
Ashenzari
Makhleb
Uskayaw

Annotations:
D:3 Ijyb


Innate Abilities, Weirdness & Mutations

When seriously injured, your bleeding wounds create thick armour. (AC +9)


Message History

You conjure some foxfire!
The foxfire hits Ijyb.
Ijyb is lightly wounded.
The foxfire hits Ijyb.
Ijyb is moderately wounded.
Ijyb zaps a wand.
The mass of ice explodes!
The iceblast engulfs you!
* * * LOW HITPOINT WARNING * * *
Casting: Foxfire (safe; 9% risk of failure)
Confirm with . or Enter, or press ? or * to list all spells.
You conjure some foxfire!
Your foxfire dissipates!
The foxfire hits Ijyb but does no damage.
Ijyb is moderately wounded.
Casting: Foxfire (safe; 9% risk of failure)
Confirm with . or Enter, or press ? or * to list all spells.
You miscast Foxfire.
You are very lightly contaminated with residual magic.
Nothing appears to happen.
Ijyb zaps a wand.
The mass of ice explodes!
The iceblast engulfs you!
You die...

.....###......####>
......'......'....
#..###......####. ##
#.....).....# #. .
#......###### ## ##.##.
#......# #
#...#.##......# #
.._......#....# # #
...#.#@##....# # #.##.##
#....#### # ....
#..#.######## #
#.####g.#........# #
###.......#........#
.......................#
.....######<#)##.......#
#### #.#).'.......#
#.#..#.......#


You could see Ijyb.

Vanquished Creatures
  A hound (D:2)
  Jessica (D:3)
  3 worms
  A dart slug (D:1)
  2 leopard geckos
  5 orcs (D:3)
  5 giant cockroaches
  4 goblins
  6 hobgoblins
  3 jackals (D:2)
  A quokka (D:2)
  A ball python (D:1)
  6 bats
  9 frilled lizards
  12 kobolds
  6 rats
66 creatures vanquished.

Vanquished Creatures (others)
  144 foxfires
144 creatures vanquished.

Grand Total: 210 creatures vanquished

Notes
Turn   | Place    | Note
-------+----------+-------------------------------------------
     0 | D:1      | uibert the Demonspawn Fire Elementalist began the quest for
                  | the Orb.
     0 | D:1      | Reached XP level 1. HP: 13/13 MP: 3/3
   262 | D:1      | Reached skill level 3 in Fire Magic
   314 | D:1      | Gained mutation: When seriously injured, your bleeding
                  | wounds create armour. (AC +9) [demonic ancestry]
   314 | D:1      | Reached XP level 2. HP: 9/19 MP: 1/5
  1041 | D:1      | Reached XP level 3. HP: 23/24 MP: 3/6
  1329 | D:2      | Reached skill level 4 in Fire Magic
  1621 | D:2      | Found a burning altar of Makhleb.
  1633 | D:2      | Gained mutation: When seriously injured, your bleeding
                  | wounds create thick armour. (AC +9) [demonic ancestry]
  1633 | D:2      | Reached XP level 4. HP: 16/30 MP: 2/7
  2373 | D:3      | Found a broken altar of Ashenzari.
  2373 | D:3      | Noticed Ijyb
  2546 | D:3      | Learned a level 4 spell: Sticky Flame
  2707 | D:3      | Reached skill level 5 in Fire Magic
  2764 | D:3      | Noticed Jessica
  2774 | D:3      | Killed Jessica
  2775 | D:3      | Reached XP level 5. HP: 35/35 MP: 5/8
  2935 | D:3      | Found a hide-covered altar of Uskayaw.
  2950 | D:3      | Killed from afar by Ijyb

Illustrated notes

Levels and vault maps discovered:
D:1:      dpeg_arrival_court, layout_rooms
D:2:      minmay_evil_eye, layout_rooms, makhleb_heckhound_becter
D:3:      layout_basic, ashenzari_conservatory_becter,
          nicolae_overflow_crystal_walls, uniq_ijyb, uniq_jessica

Skill      XL: |  1  2  3  4 |
---------------+-------------+-----
Fire Magic     | 3 4 5 |  5.2
Dodging        | |  1.7
Stealth        | |  1.7
Spellcasting   | |  2.0
Conjurations   | |  1.0

Action                   |  1- 3 |  4- 6 || total
-------------------------+-------+-------++-------
Melee: Whip              |    43 |       ||    43
       Mace              |     5 |       ||     5
       Short sword       |    12 |    34 ||    46
 Cast: Foxfire           |    50 |    48 ||    98
  Use: Scroll            |     2 |     2 ||     4
Armor: Robe              |    20 |       ||    20
       Leather armour    |    20 |     8 ||    28
Dodge: Dodged            |    55 |    16 ||    71

Table legend: (Time is in decaauts)
 A = Elapsed time spent in this place.
 B = Non-inter-level travel time spent in this place.
 C = Inter-level travel time spent in this place.
 D = Time resting spent in this place.
 E = Time spent auto-exploring this place.
 F = Levels seen in this place.
 G = Mean time per level.
                   A        B        C        D        E       F      G
               +--------+--------+--------+--------+--------+-----+--------+
         Total |   2959 |   2889 |     70 |    371 |   1597 |   3 |  986.3 |
       Dungeon |   2959 |   2889 |     70 |    371 |   1597 |   3 |  986.3 |
               +--------+--------+--------+--------+--------+-----+--------+

Top non-repeatable levels by time:
     D:2: 1188 daAuts
     D:1: 1142 daAuts
     D:3: 628 daAuts
